Map: Triton LE

Players

ViBE - Winner!

  • Race: Zerg Zerg
  • League: Platinum
  • Spawn Location: 5:00

Iraw

  • Race: Protoss Protoss
  • League: Platinum
  • Spawn Location: 11:00

VOD

Have the link to the VOD?

Description

Time

  • Played on: Dec. 10, 2019, 9:50 p.m.
  • Length: 10:08
Show
View Real Time Build Order
Export as new Build Order

ViBE Zerg - Winner!

Build Orders: Hatch First, Roach Hydra 

Get SALT Encoding   

  12  0:00  Drone  
  13  0:12  Overlord  
  13  0:17  Drone  
  14  0:31  Drone x2  
  16  0:44  Drone  
  17  0:53  Hatchery  
  17  0:55  Drone  
  17  1:00  Drone  
  18  1:13  Spawning Pool  
  18  1:16  Drone  
  18  1:19  Drone  
  19  1:28  Drone  
  19  1:31  Extractor  
  19  1:39  Drone  
  20  1:58  Overlord  
  20  2:01  Queen  
  20  2:06  Zergling x4  
  20  2:07  Queen  
  26  2:15  Drone  
  27  2:21  Drone  
  28  2:27  Drone x2  
  30  2:33  Drone  
  31  2:41  Drone  
  32  2:45  Lair, Queen  
  32  2:48  Drone  
  35  2:53  Overlord  
  35  2:54  Drone  
  36  3:07  Overlord  
  36  3:15  Drone x2, Roach Warren  
  36  3:16  Drone, Evolution Chamber  
  36  3:17  Drone x3  
  36  3:19  Drone  
  41  3:29  Drone x4  
  45  3:38  Drone  
  46  3:43  Overlord  
  46  3:47  Extractor  
  45  3:49  Extractor  
  45  3:51  Overlord x2  
  44  3:59  Glial Reconstitution  
  44  4:00  Zerg Missile Weapons Level 1  
  44  4:03  Drone x2  
  44  4:04  Drone  
  44  4:06  Drone  
  44  4:07  Drone x2  
  50  4:11  Hatchery  
  50  4:14  Roach  
  50  4:16  Overseer  
  51  4:22  Queen  
  51  4:23  Roach  
  55  4:33  Roach x2  
  55  4:34  Roach  
  60  4:40  Roach  
  62  4:47  Roach x2  
  62  4:48  Overlord x3  
  66  4:54  Roach  
  68  5:06  Overlord x2  
  68  5:08  Roach  
  68  5:09  Roach  
  70  5:16  Roach  
  70  5:21  Roach  
  64  5:39  Drone  
  64  5:40  Drone x10  
  75  5:53  Drone x3  
  75  5:55  Overseer  
  78  6:02  Drone x3  
  81  6:11  Drone x8  
  82  6:16  Hatchery  
  88  6:24  Extractor  
  88  6:25  Drone x3  
  89  6:26  Hydralisk Den, Drone  
  89  6:27  Drone  
  89  6:30  Zerg Missile Weapons Level 2  
  91  6:34  Extractor  
  91  6:35  Extractor  
  91  6:36  Drone  
  91  6:37  Drone x8  
  98  6:49  Drone x3  
  101  7:03  Drone x5  
  101  7:05  Overlord  
  101  7:06  Overlord x3  
  106  7:12  Overlord  
  106  7:13  Overlord  
  106  7:28  Grooved Spines  
  106  7:32  Drone, Hydralisk x11  
  129  7:38  Hatchery  
  129  7:39  Overlord x5  
  128  7:45  Hydralisk x2  
  128  7:48  Extractor  
  128  7:49  Extractor  
  130  7:59  Drone x2  
  130  8:00  Hydralisk x8  
  148  8:06  Hatchery  
  148  8:10  Infestation Pit  
  148  8:11  Evolution Chamber  
  145  8:16  Hydralisk x6  
  157  8:22  Hydralisk x2  
  157  8:23  Hydralisk x3  
  167  8:31  Hydralisk x3  
  167  8:32  Hydralisk  
  175  8:34  Hydralisk  
  175  8:36  Hydralisk  
  175  8:39  Muscular Augments  
  175  8:41  Hydralisk x2  
  179  8:45  Hydralisk x2  
  187  8:51  Hydralisk  
  187  8:52  Hydralisk  
  191  8:57  Hydralisk x3  
  191  8:59  Drone  
  191  9:00  Hydralisk  
  197  9:43  Hydralisk  
Show
View Real Time Build Order
Export as new Build Order

Iraw Protoss 

Build Orders:  

Get SALT Encoding   

  12  0:01  Probe (Chrono Boost)  
  13  0:11  Probe (Chrono Boost)  
  14  0:16  Probe (Chrono Boost)  
  15  0:26  Pylon  
  15  0:49  Gateway  
  15  0:52  Forge  
  15  0:53  Probe  
  16  0:59  Assimilator  
  16  1:05  Probe (Chrono Boost)  
  17  1:16  Probe (Chrono Boost)  
  18  1:21  Probe (Chrono Boost)  
  19  1:31  Probe  
  20  1:33  Photon Cannon  
  20  1:37  Pylon, Zealot  
  22  1:43  Probe  
  23  1:52  Cybernetics Core  
  23  1:55  Gateway  
  23  2:03  Assimilator  
  23  2:05  Zealot  
  25  2:09  Probe  
  26  2:15  Protoss Ground Weapons Level 1  
  26  2:29  Probe  
  27  2:32  Warp Gate  
  27  2:36  Zealot  
  29  2:41  Pylon  
  29  2:52  Stalker  
  31  3:00  Gateway  
  31  3:08  Twilight Council  
  31  3:23  Zealot  
  33  3:29  Stalker  
  35  3:39  Charge (Chrono Boost)  
  35  3:47  Gateway  
  35  3:49  Zealot  
  35  3:50  Stalker  
  39  3:55  Pylon  
  39  4:17  Probe  
  40  4:56  Protoss Shields Level 1 (Chrono Boost)  
  40  4:58  Nexus  
  40  5:01  Pylon  
  40  5:03  Pylon  
  38  5:19  Pylon  
  28  5:32  Zealot x3  
  28  5:33  Zealot  
  32  5:56  Stargate  
  32  5:58  Stalker  
  32  5:59  Stargate, Stalker  
  36  6:04  Probe (Chrono Boost)  
  38  6:14  Probe (Chrono Boost)  
  38  6:15  Probe (Chrono Boost)  
  39  6:22  Probe (Chrono Boost)  
  40  6:27  Probe (Chrono Boost)  
  40  6:31  Blink  
  41  6:37  Probe  
  42  6:49  Probe  
  42  6:51  Fleet Beacon  
  43  6:59  Probe  
  44  7:01  Probe  
  44  7:06  Assimilator  
  45  7:12  Probe  
  45  7:15  Zealot x3  
  52  7:37  Probe (Chrono Boost)  
  52  7:39  Mothership (Chrono Boost)  
  61  7:47  Probe (Chrono Boost)  
  62  7:51  Assimilator  
  62  7:54  Probe (Chrono Boost)  
  64  8:09  Probe (Chrono Boost)  
  64  8:14  Zealot x4  
  64  8:16  Probe (Chrono Boost)  
  73  8:27  Probe, Pylon  
  73  8:28  Pylon  
  74  8:39  Probe  
  75  8:45  Carrier  
  81  8:50  Carrier  
  81  8:51  Probe  
  82  9:42  Zealot  
Tags
 
Composition
Roach Hydra
Matchup
PvZ
Replay Pack
Zerg
Spawn Locations
Cross Positions
Add a new tag
Caveats
  • Supply blocks, unpowered buildings, or Contaminate may cause inaccurate times.
  • Supply counts are checked every 10 seconds.